 Dungeon Crawl Stone Soup version 0.21-a0-55-gb612c23 (webtiles) character file.

68 CanOfBees the Digger (level 4, -2/24 HPs)
             Began as a Gargoyle Earth Elementalist on June 14, 2017.
             Slain by an orc
             ... wielding a +0 whip
              (3 damage)
             ... on level 3 of the Dungeon.
             The game lasted 00:03:43 (2684 turns).

CanOfBees the Digger (Gargoyle Earth Elementalist)  Turns: 2684, Time: 00:03:45

Health: -2/24      AC:  5    Str: 12    XL:     4   Next: 19%
Magic:  9/9        EV: 12    Int: 16    God:
Gold:   72         SH:  0    Dex: 10    Spells: 6/10 levels left

rFire    . . .     SeeInvis .   l - +0 whip (flame)
rCold    . . .     Gourm    .   (no shield)
rNeg     + . .     Faith    .   c - +0 robe
rPois    ∞         Spirit   .   (no helmet)
rElec    +         Reflect  .   (no cloak)
rCorr    .         Harm     .   (no gloves)
MR       .....                  (no boots)
Stlth    ++........             (no amulet)
HPRegen  0.08/turn              (no ring)
MPRegen  0.11/turn              (no ring)

@: no status effects
A: negative energy resistance 1, electricity resistance, unbreathing,
petrification resistance, rot immunity, AC +3
a: no special abilities


You were on level 3 of the Dungeon.
You were hungry.

You visited 1 branch of the dungeon, and saw 3 of its levels.

You collected 72 gold pieces.

Inventory:

Hand Weapons
 l - a +0 whip of flaming (weapon)
 u - a +0 great mace
Missiles
 b - 120 stones (quivered)
 q - 14 tomahawks
Armour
 c - a +0 robe (worn)
Scrolls
 f - 2 scrolls of identify {unknown}
 g - a scroll of fear {unknown}
 j - 2 scrolls of remove curse {unknown}
 m - a scroll of fog {unknown}
 n - 2 scrolls of recharging {unknown}
 o - a scroll of magic mapping {unknown}
 r - a scroll of enchant armour {unknown}
 s - 2 scrolls of teleportation {unknown}
 v - a scroll of blinking {unknown}
Potions
 a - a potion of degeneration {unknown}
 h - 3 potions of curing {unknown}
 i - a potion of magic {unknown}
 k - a potion of might {unknown}
 t - a potion of ambrosia {unknown}
 w - 2 potions of haste {unknown}
 z - a potion of invisibility {unknown}
Books
 e - a book of Geomancy

   Spells                             Type                      Level
   a - Sandblast                      Earth                        1
   b - Passwall                       Transmutation/Earth          2
   c - Stone Arrow                    Conjuration/Earth            3
   d - Petrify                        Transmutation/Earth          4
   e - Lee's Rapid Deconstruction     Earth                        5
Comestibles
 d - 2 bread rations
 p - 2 meat rations


   Skills:
 - Level 1.5 Dodging
 - Level 2.1 Stealth
 * Level 3.5 Spellcasting
 + Level 0.2 Conjurations
   Level 0.7 Transmutations
 + Level 4.3 Earth Magic


You had 6 spell levels left.
You knew the following spells:

 Your Spells              Type           Power        Failure   Level  Hunger
a - Sandblast             Erth           ###...       3%          1    None
b - Stone Arrow           Conj/Erth      ##....       21%         3    ###....


Dungeon Overview and Level Annotations

Branches:
Dungeon (2/15)

Altars:
Ashenzari
Fedhas
Nemelex Xobeh
Xom
Yredelemnul
The Shining One


Innate Abilities, Weirdness & Mutations

You are resistant to torment.
Your stone body is resilient. (AC +3)
You are immune to poison.
You resist negative energy. (rN+)
You are resistant to electric shocks. (rElec)
You can survive without breathing.
You are immune to petrification.
You are immune to rotting.


Message History

Ouch! That really hurt!
You hit the orc but do no damage. The orc barely misses you.
You closely miss the orc. The orc hits you but does no damage.
You hit the orc. You burn the orc.
The orc is almost dead.
The orc barely misses you.
You hit the orc. You burn the orc.
You kill the orc!
You barely miss the orc. The orc barely misses you.
You hit the orc. You burn the orc.
The orc is almost dead.
The orc barely misses you.
You closely miss the orc.
The orc is almost dead.
The orc priest calls down the wrath of Beogh upon you.
Beogh smites you!
Ouch! That really hurt!
* * * LOW HITPOINT WARNING * * *
The orc hits you with a whip.
You die...

#. #. #. #.## #..#
..# #o# #o# ...#. #@#
♣♣♣# ....# #.# ...♣♣#
#...# #.#
.....♣♣#...## #.##
......♣##...# #..##
.......♣#...# ##..#
.......♣##..######.##
♣♣♣♣♣♣..♣#..........#
# #♣..#..#######.#


You could see an orc priest and an orc.

Vanquished Creatures
  2 adders (D:2)
  2 worms (D:2)
  A dart slug (D:1)
  A leopard gecko (D:1)
  An orc (D:3)
  A ball python (D:2)
  5 bats
  2 giant cockroaches (D:1)
  2 goblins (D:2)
  7 hobgoblins (D:1)
  2 jackals (D:2)
  2 frilled lizards (D:2)
  6 kobolds
  5 rats
39 creatures vanquished.

Notes
Turn   | Place    | Note
-------+----------+-------------------------------------------
     0 | D:1      | CanOfBees the Gargoyle Earth Elementalist began the quest for the Orb.
     0 | D:1      | Reached XP level 1. HP: 10/10 MP: 3/3
   324 | D:1      | Reached XP level 2. HP: 10/15 MP: 0/5
  1041 | D:1      | Reached skill level 4 in Earth Magic
  1125 | D:1      | Reached XP level 3. HP: 12/19 MP: 7/7
  1379 | D:2      | Found a shimmering altar of Xom.
  1379 | D:2      | Found a shimmering altar of Xom.
  1398 | D:2      | Found a shimmering altar of Xom.
  1990 | D:2      | Reached XP level 4. HP: 24/24 MP: 9/9
  1995 | D:2      | Learned a level 3 spell: Stone Arrow
  2114 | D:2      | Found a shimmering altar of Xom.
  2115 | D:2      | Found a shimmering altar of Xom.
  2184 | D:2      | Found a shimmering altar of Xom.
  2185 | D:2      | Found a shimmering altar of Xom.
  2287 | D:2      | Found a blossoming altar of Fedhas.
  2597 | D:2      | Found a glowing golden altar of the Shining One.
  2597 | D:2      | Found a faded altar of an unknown god.
  2603 | D:2      | Found a sparkling altar of Nemelex Xobeh.
  2606 | D:2      | Found a shattered altar of Ashenzari.
  2607 | D:2      | Found a faded altar of an unknown god.
  2642 | D:2      | You fall through a shaft!
  2642 | D:3      | Found a basalt altar of Yredelemnul.
  2684 | D:3      | HP: 1/24 [orc priest/divine providence (12)]
  2684 | D:3      | Slain by an orc

Vault maps used:
D:1:      tarquinn_simple_flora_water_a
D:2:      xom_redecorated, chequers_temple_overflow_minitemple, fedhas_altar_1
D:3:      kennysheep_ying_yang, old_standard_altar, overflow_temple_1_default,
          first_bread

Skill      XL: |  1  2  3 |
---------------+----------+-----
Earth Magic    | 4 |  4.3
Spellcasting   | 3 |  3.5
Dodging        | |  1.5
Stealth        | |  2.1
Conjurations   | |  0.2
Transmutations | |  0.7

Action                   |  1- 3 |  4- 6 || total
-------------------------+-------+-------++-------
Melee: Unarmed           |   261 |       ||   261
       Club              |    33 |       ||    33
       Whip              |    65 |    24 ||    89
 Cast: Sandblast         |    10 |     4 ||    14
       Stone Arrow       |       |     1 ||     1
 Stab: Sleeping          |     1 |     1 ||     2
  Eat: Chunk             |     4 |     2 ||     6
Armor: Robe              |    40 |     8 ||    48
Dodge: Dodged            |    96 |    21 ||   117
